 Dungeon Crawl Stone Soup version 0.12.2-14-g7c90c79 (webtiles) character file.

338 MarVin the Charlatan (level 5, -2/42 HPs)
             Began as a Demonspawn Fighter on Aug 6, 2013.
             Was an Initiate of Nemelex Xobeh.
             Slain by MarVin's ghost (8 damage)
             ... on Level 3 of the Dungeon.
             The game lasted 00:12:54 (3610 turns).

MarVin the Charlatan (Demonspawn Fighter)           Turns: 3610, Time: 00:12:54

HP  -2/42        AC  7     Str 20      XL: 5   Next: 64%
MP   8/8         EV  5     Int  7      God: Nemelex Xobeh [......]
Gold 118         SH 18     Dex 11      Spells:  0 memorised,  4 levels left

Res.Fire  : . . .   See Invis. : .   a - +1,+0 hand axe {=f}
Res.Cold  : . . .   Warding    : .   b - +0 scale mail
Life Prot.: . . .   Conserve   : .   c - +0 shield
Res.Poison: .       Res.Corr.  : .   (no helmet)
Res.Elec. : .       Clarity    : .   (no cloak)
Sust.Abil.: . .     Spirit.Shd : .   (no gloves)
Res.Mut.  : .       Stasis     : .   (no boots)
Res.Rott. : .       Ctrl.Telep.: .   l - amulet of inaccuracy {unknown}
Saprovore : . . .   Flight     : .   (no ring)
                                     (no ring)

@: sage [Traps], slightly resistant to hostile enchantments, extremely
unstealthy
A: powered by death 1, Dex -1
a: Renounce Religion


You were on level 3 of the Dungeon.
You worshipped Nemelex Xobeh.
Nemelex Xobeh was pleased with you.
You were hungry.

You visited 1 branch of the dungeon, and saw 3 of its levels.

You collected 98 gold pieces.

Inventory:

Hand weapons
 a - a +1,+0 hand axe (weapon) {=f}
Missiles
 t - 4 javelins (quivered)
Armour
 b - a +0 scale mail (worn)
 c - a +0 shield (worn)
 q - a +0 fire dragon hide
Magical devices
 g - a wand of flame (0)
Comestibles
 h - 2 chunks of orc flesh
Scrolls
 e - a scroll of identify
Jewellery
 l - an amulet of inaccuracy (around neck) {unknown}
Potions
 d - a potion of agility {unknown}


   Skills:
 - Level 3.2 Fighting
 + Level 3.6 Axes
 - Level 5.0 Armour
 - Level 3.0 Shields
 - Level 5.8 Evocations


You had 4 spell levels left.
You didn't know any spells.

Dungeon Overview and Level Annotations

Branches:
Dungeon (3/27)

Altars:
Nemelex Xobeh
Okawaru
Vehumet

Annotations
D:3 MarVin's ghost, average DsFi


Innate Abilities, Weirdness & Mutations

You can steal the life force of nearby defeated enemies.
You are clumsy (Dex -1).


Message History

Your shield and scale mail prevent you from hitting MarVin's ghost.
MarVin's ghost is heavily damaged.
You block MarVin's ghost's attack.
You hit MarVin's ghost.
MarVin's ghost is heavily damaged.
You block MarVin's ghost's attack.
You hit MarVin's ghost.
MarVin's ghost is heavily damaged.
MarVin's ghost completely misses you. You block MarVin's ghost's attack.
You barely miss MarVin's ghost.
MarVin's ghost is heavily damaged.
You block MarVin's ghost's attack.
You barely miss MarVin's ghost.
MarVin's ghost is heavily damaged.
You block MarVin's ghost's attack.
You barely miss MarVin's ghost.
MarVin's ghost is heavily damaged.
MarVin's ghost hits you!
You die...
Your body disappears without a glow.

.....###.#.###..##(...........#..
##(#.....#.....###............#..
#.#.##.###..#.#########......#..
#.#.##......#.....##...###...#.#
##.#.###.....#.)...##.).# #......
.#.#.# #.....#.....##...###'###'#
.#.#.# #.....+.....##...#........
.#.#.# #.....##....##...#........
.#.#+###.....''.@p.''...'........
.#...........##....##...#........
.#...........##....##...#........
.#......#######....######........
.#......#######....# #........
.#......'....##....# ########.
.#......####.##....#
.#.#......##.#######
<#.....##.##.#


You could see MarVin's ghost.

Vanquished Creatures
  Ijyb (D:2)
  4 adders
  2 gnolls (D:2)
  A worm (D:2)
  An ooze (D:3)
  4 orcs
  A ball python (D:3)
  4 bats
  A giant cockroach (D:2)
  10 hobgoblins
  7 jackals
  2 giant geckos (D:2)
  3 giant newts
  10 goblins
  6 kobolds
  9 rats
66 creatures vanquished.

Vanquished Creatures (others)
  A giant newt (D:2)
1 creature vanquished.

Grand Total: 67 creatures vanquished

Notes
Turn   | Place    | Note
--------------------------------------------------------------
     0 | D:1      | MarVin, the Demonspawn Fighter, began the quest for the Orb.
     0 | D:1      | Reached XP level 1. HP: 18/18 MP: 0/0
     2 | D:1      | Noticed a felid
     2 | D:1      | Noticed an ogre
     4 | D:1      | Noticed a draconian
     6 | D:1      | Noticed a minotaur
     6 | D:1      | Noticed a demigod
     8 | D:1      | Noticed an octopode
    10 | D:1      | Noticed a tengu
    10 | D:1      | Noticed a troll
    12 | D:1      | Noticed a spriggan
    12 | D:1      | Noticed a demonspawn
    14 | D:1      | Noticed an elf
    14 | D:1      | Noticed a dwarf
    16 | D:1      | Noticed a merfolk
    16 | D:1      | Noticed a centaur
    18 | D:1      | Noticed a ghoul
    20 | D:1      | Noticed a naga
    22 | D:1      | Noticed a vampire
   206 | D:1      | Reached XP level 2. HP: 24/24 MP: 1/1
   385 | D:1      | Found a sparkling altar of Nemelex Xobeh.
   712 | D:2      | Noticed Ijyb
   743 | D:2      | Killed Ijyb
   743 | D:2      | Reached XP level 3. HP: 17/30 MP: 2/2
   825 | D:2      | HP: 1/30 [poisoned by an adder]
   835 | D:2      | HP: 1/30 [poisoned by an adder]
  1986 | D:2      | Gained mutation: You can steal the life force of nearby defeated enemies. [demonic ancestry]
  1986 | D:2      | Reached XP level 4. HP: 28/36 MP: 3/3
  2448 | D:2      | Found an iron altar of Okawaru.
  2645 | D:1      | Became a worshipper of Nemelex Xobeh
  2675 | D:1      | Received a gift from Nemelex Xobeh
  2678 | D:1      | Reached skill level 5 in Armour
  2678 | D:1      | Reached skill level 5 in Evocations
  2678 | D:1      | Reached XP level 5. HP: 42/42 MP: 1/8
  2679 | D:1      | Gained mutation: You are clumsy (Dex -1). [helix card]
  3172 | D:3      | Noticed MarVin's ghost (average DsFi)
  3355 | D:3      | Found a radiant altar of Vehumet.
  3446 | D:3      | Found a sparkling altar of Nemelex Xobeh.
  3610 | D:3      | Slain by MarVin's ghost

Action                   |  1- 3 |  4- 6 || total
-------------------------+-------+-------++-------
Melee: Hand axe          |   170 |   218 ||   388
Throw: Javelin           |       |     4 ||     4
Evoke: Deck              |       |    13 ||    13
  Use: Scroll            |       |     5 ||     5
